 Dungeon Crawl Stone Soup version 0.29.1-1-gd02db6906a (webtiles) character file.

Game seed: 10633051552220691733

100 masschaos23 the Trooper (level 4, -5/40 HPs)
             Began as a Hill Orc Fighter on Sept 18, 2022.
             Slain by Natasha (7 damage)
             ... on level 2 of the Dungeon.
             The game lasted 00:04:54 (2202 turns).

masschaos23 the Trooper (Hill Orc Fighter)          Turns: 2202, Time: 00:04:56

Health: -5/40      AC:  7    Str: 20    XL:     4   Next: 74%
Magic:  4/4        EV:  9    Int:  8    God:
Gold:   117        SH:  4    Dex: 10    Spells: 3/3 levels left

rFire   . . .      SeeInvis .   a - +0 war axe
rCold   . . .      Faith    .   c - +0 buckler
rNeg    . . .      Spirit   .   b - +0 scale mail
rPois   .          Reflect  .   (no helmet)
rElec   .          Harm     .   (no cloak)
rCorr   .          Rampage  .   (no gloves)
Will    .....                   (no boots)
Stlth   ..........              (no amulet)
HPRegen 0.13/turn               (no ring)
MPRegen 0.09/turn               (no ring)

@: no status effects
A: no striking features
a: no special abilities


You were on level 2 of the Dungeon.
You visited 1 branch of the dungeon, and saw 2 of its levels.

You collected 117 gold pieces.

Inventory:

Hand Weapons
 a - a +0 war axe (weapon)
Armour
 b - a +0 scale mail (worn)
 c - a +0 buckler (worn)
 m - a +0 pair of boots
Scrolls
 i - a scroll of blinking {unknown}
 k - a scroll of noise {unknown}
 o - a scroll of vulnerability {unknown}
 p - a scroll of butterflies {unknown}
Potions
 d - a potion of might
 e - 3 potions of curing {unknown}
 f - 2 potions of heal wounds {unknown}
 g - a potion of ambrosia {unknown}
 h - a potion of flight {unknown}
 j - 2 potions of haste {unknown}
 l - a potion of attraction {unknown}
 n - a potion of invisibility {unknown}


   Skills:
 + Level 4.3 Fighting
 + Level 4.1 Axes
 + Level 4.2 Armour
 + Level 0.2 Dodging
 + Level 0.1 Stealth
 + Level 3.7 Shields


You had 3 spell levels left.
You didn't know any spells.
Your spell library contained the following spells:

 Spells                   Type           Power      Damage    Failure   Level
 Magic Dart               Conj           0%         1d3       85%         1
 Slow                     Hex            0%         N/A       85%         1
 Call Imp                 Summ           0%         N/A       94%         2
 Confusing Touch          Hex            0%         N/A       99%         3
 Mephitic Cloud           Conj/Pois/Air  0%         N/A       99%         3
 Ozocubu's Armour         Ice            0%         N/A       99%         3
 Vampiric Draining        Necr           0%         2d6       99%         3
 Ozocubu's Refrigeration  Ice            0%         4d7       100%        7


Dungeon Overview and Level Annotations

Branches:
Dungeon (2/15)

Altars:
Fedhas

Annotations:
D:2 Natasha


Message History

Natasha is nearby!
You are too injured to fight recklessly!
Natasha is nearby!
You are too injured to fight recklessly!
Natasha is nearby!
You miss Natasha.
Natasha is severely wounded.
Natasha stares at you and mumbles some strange words.
You resist with some effort.
You closely miss Natasha.
Natasha is severely wounded.
Natasha barely misses you.
You hit Natasha but do no damage.
Natasha is severely wounded.
The crimson imp disappears in a puff of smoke!
Natasha growls.
Natasha claws you but does no damage. You block Natasha's attack.
You closely miss Natasha.
Natasha is heavily wounded.
Natasha claws you!
You barely miss Natasha.
Natasha is heavily wounded.
Natasha barely misses you. Natasha claws you.
* * * LOW HITPOINT WARNING * * *
You barely miss Natasha.
Natasha is heavily wounded.
Natasha casts a spell at you. The magic dart hits you.
* * * LOW HITPOINT WARNING * * *
You hit Natasha.
Natasha is almost dead.
Natasha barely misses you.
You closely miss Natasha.
Natasha is almost dead.
Natasha wildly gestures.
You feel troubled. Natasha claws you.
* * * LOW HITPOINT WARNING * * *
Natasha claws you!
You die...

###########
###......[..#
#.........#.#
#.#######.#.# #@#
#.#.#
#†h.....#.#.#
#.#.....#.#.#
#.#.....#.#.######
#.#######.........
#.........#######.
####..##..........
###.##.#.##.##..
#.........#.##..


You could see Natasha.

Vanquished Creatures
  4 adders (D:2)
  A gnoll (D:1)
  A worm (D:2)
  3 ball pythons
  3 endoplasms
  2 giant cockroaches (D:1)
  3 goblins
  5 hobgoblins
  4 jackals
  4 quokkas
  5 bats
  4 frilled lizards
  7 kobolds
  4 rats
50 creatures vanquished.

Vanquished Creatures (others)
  A fungus (D:1)
  A plant (D:1)
2 creatures vanquished.

Grand Total: 52 creatures vanquished

Notes
Turn   | Place    | Note
-------+----------+-------------------------------------------
     0 | D:1      | masschaos23 the Hill Orc Fighter began the quest for the
                  | Orb.
     0 | D:1      | Reached XP level 1. HP: 19/19 MP: 1/1
   203 | D:1      | Reached XP level 2. HP: 16/27 MP: 2/2
   515 | D:1      | Reached XP level 3. HP: 19/33 MP: 3/3
  1106 | D:1      | Found a faded altar of an unknown god.
  1547 | D:2      | Reached XP level 4. HP: 37/40 MP: 4/4
  1903 | D:2      | Found a blossoming altar of Fedhas.
  2184 | D:2      | Noticed Natasha
  2202 | D:2      | HP: 2/40 [Natasha (5)]
  2202 | D:2      | Slain by Natasha

Illustrated notes

Levels and vault maps discovered:
D:1:      minmay_arrival_four_loops, layout_basic,
          shapermc_ecumenical_altar_hornbeckon
D:2:      layout_loops_ring, basic_altar, minmay_stone_trees_large,
          nrook_mini_vaults, minmay_split_cup_large, uniq_natasha

Skill      XL: |  1  2  3  4 |
---------------+-------------+-----
Fighting       | 4 |  4.3
Armour         | 4 |  4.2
Axes           | 3 4 |  4.1
Dodging        | |  0.2
Stealth        | |  0.1
Shields        | |  3.7

Action                   |  1- 3 |  4- 6 || total
-------------------------+-------+-------++-------
Melee: War axe           |   113 |    57 ||   170
Armor: Scale mail        |    84 |    21 ||   105
Dodge: Dodged            |    59 |    24 ||    83
Block: Buckler           |    29 |    11 ||    40
